 Dungeon Crawl Stone Soup version 0.19-a0-1292-g796ee4d (webtiles) character file.

77 JEM123 the Chopper (level 4, 0/41 HPs)
             Began as a Hill Orc Fighter on Aug 30, 2016.
             Slain by Sigmund
             ... wielding a +0 scythe
              (5 damage)
             ... on level 3 of the Dungeon.
             The game lasted 00:09:22 (1912 turns).

JEM123 the Chopper (Hill Orc Fighter)               Turns: 1912, Time: 00:09:22

Health: 0/41       AC:  8    Str: 23    XL:     4   Next: 34%
Magic:  4/4        EV: 12    Int:  8    God:
Gold:   85         SH:  0    Dex: 11    Spells: 0 memorised, 3 levels left

rFire  . . .     SeeInvis .     c - -3 hand crossbow (curse)
rCold  . . .     Gourm    .     k - +2 scale mail {MR+}
rNeg   . . .     Faith    .     (no shield)
rPois  .         Spirit   .     (no helmet)
rElec  .         Dismiss  .     (no cloak)
rCorr  .         Reflect  .     (no gloves)
MR     +....     Harm     .     (no boots)
Stlth  ..........               q - amulet of regeneration
                                (no ring)
                                b - +3 ring of evasion (curse)

@: mighty
A: no striking features
a: no special abilities


You were on level 3 of the Dungeon.
You were not hungry.

You visited 1 branch of the dungeon, and saw 3 of its levels.

You collected 85 gold pieces.

Inventory:

Hand Weapons
 a - a +0 war axe
 c - a cursed -3 hand crossbow (weapon)
 n - a cursed -1 mace
Missiles
 e - 59 arrows
 h - 120 stones
 m - 5 bolts (quivered)
Armour
 k - a +2 scale mail of magic resistance (worn)
 o - a +0 helmet
Jewellery
 b - a cursed +3 ring of evasion (left hand)
 q - an amulet of regeneration (around neck)
 u - a +3 ring of intelligence {unknown}
Potions
 d - 2 potions of might
 j - a potion of brilliance {unknown}
 l - 2 potions of curing
 p - a potion of heal wounds {unknown}
 r - a potion of degeneration {unknown}
Comestibles
 f - 2 bread rations
 g - a slice of pizza
 i - 2 chunks of flesh
 s - a beef jerky
 t - a meat ration


   Skills:
 + Level 4.6 Fighting
 * Level 4.7 Axes
 + Level 0.6 Crossbows
 - Level 3.2 Armour
   Level 3.2 Shields


You had 3 spell levels left.
You didn't know any spells.

Dungeon Overview and Level Annotations

Branches:
Dungeon (3/15)

Altars:
Elyvilon
Yredelemnul

Annotations:
D:2 Grinder
D:3 1 runed door, Sigmund


Message History

No target in view!
No target in view!
You start waiting.
Something hits you but does no damage.
You start waiting.
Something hits you!
You hear some strange, mumbled words.
A puff of flame appears from out of thin air!
The puff of flame hits you! Something hits you!
Something hits you but does no damage.
You feel very mighty all of a sudden.
You barely miss something. Something barely misses you.
You closely miss something.
You hear some strange, mumbled words.
Something tries to affect you, but you resist.
Something hits you!
* * * LOW HITPOINT WARNING * * *
You miss something. Something hits you.
You die...

...5....#
#.....#.......
..#######
#####.######## #.#
#.# #.# #.# #.#
.#################.#
((.......{@........#
##########.#######.#
### ###


There were no monsters in sight!

Vanquished Creatures
  3 adders
  2 worms
  4 bats
  2 giant cockroaches
  4 goblins
  7 hobgoblins
  6 jackals
  A quokka (D:1)
  A giant newt (D:1)
  8 kobolds
  5 rats
43 creatures vanquished.

Notes
Turn   | Place    | Note
-------+----------+-------------------------------------------
     0 | D:1      | JEM123 the Hill Orc Fighter began the quest for the Orb.
     0 | D:1      | Reached XP level 1. HP: 19/19 MP: 1/1
   295 | D:1      | Reached XP level 2. HP: 27/27 MP: 2/2
   710 | D:1      | Reached XP level 3. HP: 33/33 MP: 3/3
  1222 | D:2      | Found a white marble altar of Elyvilon.
  1462 | D:2      | Reached XP level 4. HP: 38/41 MP: 4/4
  1634 | D:3      | Found a runed door.
  1634 | D:3      | Noticed a human
  1636 | D:3      | Found a basalt altar of Yredelemnul.
  1673 | D:3      | Noticed Grinder
  1893 | D:3      | Noticed Sigmund
  1912 | D:3      | Slain by Sigmund

Vault maps used:
D:1:      roderic_chinese_lattice_arrival
D:2:      serial_glass, glass_columns_c, glass_columns_a, elyvilon_altar_4
D:3:      ecumenical_altar_2, dk_yredelemnul_ordeal, uniq_sigmund, uniq_grinder

Skill      XL: |  1  2  3 |
---------------+----------+-----
Axes           | 3 4 |  4.7
Fighting       | 4 |  4.6
Crossbows      | |  0.6
Armour         | |  3.2
Shields        | |  3.2

Action                   |  1- 3 |  4- 6 || total
-------------------------+-------+-------++-------
Melee: War axe           |    80 |       ||    80
       Hand crossbow     |    16 |    36 ||    52
 Fire: Hand crossbow     |    27 |    27 ||    54
       Hunting sling     |    23 |       ||    23
Throw: Stone             |     3 |    25 ||    28
  Use: Scroll            |     3 |     1 ||     4
       Potion            |       |     2 ||     2
  Eat: Chunk             |     2 |     1 ||     3
Armor: Scale mail        |    41 |    48 ||    89
Dodge: Dodged            |    49 |    81 ||   130
Block: Shield            |    42 |       ||    42
